 Dungeon Crawl Stone Soup version 0.26-a0-639-g72c4674329 (webtiles) character file.

Game seed: 17379810525433171679

27 Flugslaktarn the Skirmisher (level 2, 0/27 HPs)
             Began as a Minotaur Fighter on Sept 22, 2020.
             Slain by a hound (4 damage)
             ... on level 3 of the Dungeon.
             The game lasted 00:00:18 (266 turns).

Flugslaktarn the Skirmisher (Minotaur Fighter)       Turns: 266, Time: 00:00:18

Health: 0/27       AC:  7    Str: 20    XL:     2   Next: 93%
Magic:  1/1        EV:  7    Int:  5    God:
Gold:   25         SH:  9    Dex:  9    Spells: 1/1 levels left

rFire    . . .     SeeInvis .   a - +0 war axe
rCold    . . .     Faith    .   c - +0 kite shield
rNeg     . . .     Spirit   .   b - +0 scale mail
rPois    .         Reflect  .   (helmet restricted)
rElec    .         Harm     .   (no cloak)
rCorr    .         Rampage  .   (no gloves)
MR       .....                  (no boots)
Stlth    ..........             (no amulet)
HPRegen  0.09/turn              (no ring)
MPRegen  0.07/turn              (no ring)

@: no status effects
A: retaliatory headbutt, horns 2
a: no special abilities


You were on level 3 of the Dungeon.
You visited 1 branch of the dungeon, and saw 3 of its levels.

You collected 25 gold pieces.

Inventory:

Hand Weapons
 a - a +0 war axe (weapon)
Armour
 b - a +0 scale mail (worn)
 c - a +0 kite shield (worn)
Jewellery
 j - an uncursed amulet of reflection {unknown}
   (You found it on level 3 of the Dungeon)
Scrolls
 f - a scroll of enchant weapon {unknown}
 h - a scroll of remove curse {unknown}
 i - 2 scrolls of blinking {unknown}
Potions
 d - a potion of might
 e - 2 potions of degeneration {unknown}
 g - a potion of heal wounds {unknown}


   Skills:
 * Level 4.1 Fighting
 * Level 3.2 Axes
 + Level 3.8 Armour
 + Level 3.9 Shields


You had one spell level left.
You didn't know any spells.
Your spell library was empty.

Dungeon Overview and Level Annotations

Branches:
Dungeon (3/15)

Altars:


Innate Abilities, Weirdness & Mutations

You reflexively headbutt those who attack you in melee.
You have a pair of horns on your head.


Message History

The rat bites you but does no damage.
A hound comes into view.
Items here: )) [ †.
You closely miss the rat. Your headbutt misses the rat.
The rat bites you but does no damage. You block the bat's attack.
You hit the rat.
You kill the rat!
You closely miss the bat. You block the bat's attack.
You are too injured to fight recklessly!
The bat hits you but does no damage. The hound bites you but does no damage.
You are too injured to fight recklessly!
The bat barely misses you. You block the hound's attack. The hound bites you.
* * * LOW HITPOINT WARNING * * *
You miss the hound. The bat closely misses you. The hound bites you.
* * * LOW HITPOINT WARNING * * *
You block the hound's attack.
You miss the hound. Your headbutt misses the hound. You slash the bat!
You kill the bat!
The hound bites you but does no damage. The hound bites you.
You die...

. #..#.....#.........
..###.................
........##.##.........
#.#............#
..b.#...........
..###.).)....... .
#.))).......
#.h....##..# #.@....#
# ........†......
......=.......#
....#...........
......!.##..####
#.......# ..#
..#...... .. .......
...


You could see a hound.

Vanquished Creatures
  A leopard gecko (D:2)
  5 orcs (D:3)
  A giant cockroach (D:1)
  A goblin (D:3)
  3 hobgoblins
  5 bats
  A frilled lizard (D:3)
  3 kobolds
  2 rats
22 creatures vanquished.

Vanquished Creatures (others)
  A toadstool (D:1)
1 creature vanquished.

Grand Total: 23 creatures vanquished

Notes
Turn   | Place    | Note
-------+----------+-------------------------------------------
     0 | D:1      | Flugslaktarn the Minotaur Fighter began the quest for the
                  | Orb.
     0 | D:1      | Reached XP level 1. HP: 19/19 MP: 0/0
    95 | D:2      | Reached XP level 2. HP: 21/27 MP: 1/1
   148 | D:3      | Reached skill level 4 in Fighting
   266 | D:3      | Slain by a hound

Illustrated notes

Levels and vault maps discovered:
D:1:      ldierk_water_garden, layout_basic, grunt_decor_arrowhead
D:2:      layout_rooms
D:3:      layout_rooms, uniq_sigmund

Skill      XL: |  1  2 |
---------------+-------+-----
Fighting       | 4 |  4.1
Axes           | 3 |  3.2
Armour         | |  3.8
Shields        | |  3.9

Action                   || total
-------------------------++-------
Melee: War axe           ||    42
       Headbutt          ||     4
Armor: Scale mail        ||    24
Dodge: Dodged            ||    18
Block: Kite shield       ||    26

Table legend: (Time is in decaauts)
 A = Elapsed time spent in this place.
 B = Non-inter-level travel time spent in this place.
 C = Inter-level travel time spent in this place.
 D = Time resting spent in this place.
 E = Time spent auto-exploring this place.
 F = Levels seen in this place.
 G = Mean time per level.
                   A        B        C        D        E       F      G
               +--------+--------+--------+--------+--------+-----+--------+
         Total |    283 |    268 |     15 |      0 |    158 |   3 |   94.3 |
       Dungeon |    283 |    268 |     15 |      0 |    158 |   3 |   94.3 |
               +--------+--------+--------+--------+--------+-----+--------+

Top non-repeatable levels by time:
     D:3: 132 daAuts
     D:2: 112 daAuts
     D:1: 38 daAuts
